cohdb
Replays
Latest Replays
All Replays
Popular Replays
Top Player Replays
Match Explorer
How It Works
Community
CoH3 Stats
Reddit
Sign in to upload your games and track your stats! →
Sign in with Steam
Match 47610813
Unlisted
Match 47610813
Overview
Messages
Build Orders
End
Scout Squad
Construct Barracks
Selects Airborne Battlegroup
Selects Pathfinders
Riflemen Squad
Riflemen Squad
Mechanized Support Center
Selects Paratrooper Squad Paradrop
Paratrooper Squad Paradrop
Construct Medical Station
Paratrooper Squad Paradrop
Construct Motor Pool
M8 Greyhound Armored Car
Selects Anti-tank Gun Team Paradrop
Improvised Armor
Designate Forward Repair Station
M8 Greyhound Armored Car
Selects Recon Loiter
Recon Loiter
Anti-tank Gun Team Paradrop
M24 Chaffee Light Tank
Recon Loiter
Selects Supply Drop
M24 Chaffee Light Tank
M24 Chaffee Light Tank
『BlackBear』
Moji_1978
dikaz23196
Neo
0
0
Comments
sign in to comment!
No comments posted yet!